[ AOE2 MATCH · #482860235 ]
UnrankedSaracens vs Mongols
[ REPLAY ANALYSIS · EXTRACTED FROM THE RECORDED GAME ]
Feudal
13:06
Castle
23:37
Imperial
39:36
| APM avg | 13.4 |
| APM peak | 49 |
| eAPM avg | 12.2 |
| Villagers / military | 100 / 296 |
Focus
⚔️ 39.0% · 🌾 61.0%
Camel Scout ×164 · Mameluke ×96 · Trade Cart ×55 · Mangonel ×30 · Spearman ×4 · Monk ×2
Feudal
11:25
Castle
15:46
Imperial
37:37
| APM avg | 28.6 |
| APM peak | 89 |
| eAPM avg | 18.3 |
| Villagers / military | 172 / 322 |
Focus
⚔️ 25.4% · 🌾 74.6%
Steppe Lancer ×155 · Camel Scout ×65 · Mangonel ×58 · Trade Cart ×54 · Battering Ram ×35 · Monk ×9
Feudal
12:03
Castle
18:17
Imperial
37:17
| APM avg | 19.4 |
| APM peak | 44 |
| eAPM avg | 11.2 |
| Villagers / military | 133 / 89 |
Focus
⚔️ 27.2% · 🌾 72.8%
Cavalry Archer ×46 · Mangudai ×37 · Trade Cart ×12 · Battering Ram ×4 · Monk ×2
Feudal
10:57
Castle
15:14
Imperial
34:22
| APM avg | 15.3 |
| APM peak | 41 |
| eAPM avg | 13.5 |
| Villagers / military | 178 / 196 |
Focus
⚔️ 27.7% · 🌾 72.3%
Mangonel ×171 · Trade Cart ×88 · Battering Ram ×25
Feudal
12:23
Castle
17:56
Imperial
32:49
| APM avg | 25.0 |
| APM peak | 58 |
| eAPM avg | 17.1 |
| Villagers / military | 189 / 515 |
Focus
⚔️ 32.5% · 🌾 67.5%
Scorpion ×334 · Centurion ×93 · Scout Cavalry ×70 · Trade Cart ×27 · Spearman ×9 · Mangonel ×5
Feudal
11:50
Castle
21:28
Imperial
34:17
| APM avg | 14.8 |
| APM peak | 42 |
| eAPM avg | 13.4 |
| Villagers / military | 178 / 665 |
Focus
⚔️ 34.1% · 🌾 65.9%
Spearman ×273 · Skirmisher ×255 · Scorpion ×95 · Mangonel ×41 · Trade Cart ×23 · Monk ×1
Feudal
15:01
Castle
27:31
Imperial
48:19
| APM avg | 28.2 |
| APM peak | 123 |
| eAPM avg | 24.6 |
| Villagers / military | 126 / 182 |
Focus
⚔️ 40.5% · 🌾 59.5%
Mangonel ×131 · Trade Cart ×49 · Spearman ×12 · Scorpion ×8 · Woad Raider ×8 · Scout Cavalry ×7
Feudal
—
Castle
—
Imperial
—
| APM avg | 18.9 |
| APM peak | 69 |
| eAPM avg | 13.2 |
| Villagers / military | 82 / 231 |
Focus
⚔️ 41.9% · 🌾 58.1%
Huskarl ×130 · Hand Cannoneer ×55 · Trade Cart ×46 · Skirmisher ×25 · Spearman ×21
Match map
Initial resources + every placement click. Lines = walls · curves = elevation contours. ◆ gold · ⬟ stone · ● berries · ✦ relic · ◌ wall gap
Your base· ✓ Closed at 23:37 · 0t walls · no gate
Starr's base· ✓ Closed at 15:46 · 0t walls · no gate
Lesley's base· ✓ Closed at 18:17 · 0t walls · no gate
GALU's base· ✓ Closed at 15:14 · 0t walls · no gate
Tractin's base· ✓ Closed at 17:56 · 27t walls · 2 gate(s)
claudioarancibiaa's base· ✓ Closed at 21:28 · 0t walls · no gate
maddaloni.ivan93's base· ✓ Closed at 27:31 · 32t walls · 3 gate(s)
Avercan9052's base· ✓ Closed at 26:17 · 0t walls · no gate
Smoothed initial terrain · ◌ = detected wall gap · hover for details
Inputs per minute
— poy.tkd - - Starr
Build order — poy.tkd
First 150 of 524 actions detected
| 0:10 | Create | Villager (Male) |
| 0:11 | Research | Loom |
| 0:11 | Create | Villager (Male) |
| 0:12 | Create | Villager (Male) |
| 0:12 | Create | Villager (Male) |
| 0:12 | Create | Villager (Male) |
| 0:20 | Build | House |
| 1:04 | Build | House |
| 1:38 | Build | Lumber Camp |
| 2:16 | Create | Villager (Male) |
| 2:16 | Create | Villager (Male) |
| 2:16 | Create | Villager (Male) |
| 2:57 | Create | Villager (Male) |
| 3:35 | Create | Villager (Male) |
| 3:35 | Create | Villager (Male) |
| 4:09 | Create | Villager (Male) |
| 4:36 | Build | House |
| 4:39 | Create | Villager (Male) |
| 4:39 | Create | Villager (Male) |
| 5:10 | Build | Mill |
| 5:15 | Create | Villager (Male) |
| 5:21 | Build | House |
| 5:49 | Create | Villager (Male) |
| 5:56 | Build | House |
| 6:32 | Build | House |
| 6:41 | Build | Mining Camp |
| 7:15 | Build | House |
| 7:20 | Create | Villager (Male) |
| 7:20 | Create | Villager (Male) |
| 7:29 | Create | Villager (Male) |
| 7:30 | Create | Villager (Male) |
| 7:57 | Build | Barracks |
| 9:44 | Build | Mining Camp |
| 9:54 | Build | Mining Camp |
| 10:56 | Research | Feudal Age |
| 10:57 | Create | Villager (Male) |
| 11:09 | Build | Lumber Camp |
| 11:45 | Build | Farm |
| 11:49 | Build | Farm |
| 11:54 | Build | Farm |
| 12:13 | Create | Villager (Male) |
| 13:06 | Age | Feudal Age |
| 13:08 | Research | Horse Collar |
| 13:12 | Research | Double-Bit Axe |
| 13:23 | Research | Stone Mining |
| 13:36 | Build | Farm |
| 13:50 | Create | Villager (Male) |
| 14:28 | Build | Farm |
| 14:31 | Create | Villager (Male) |
| 14:59 | Build | Market |
| 15:10 | Create | Villager (Male) |
| 15:10 | Create | Villager (Male) |
| 15:11 | Create | Villager (Male) |
| 15:28 | Research | Gold Mining |
| 15:45 | Build | Farm |
| 15:58 | Create | Spearman |
| 15:59 | Create | Spearman |
| 16:19 | Build | Farm |
| 16:34 | Build | Farm |
| 16:38 | Create | Villager (Male) |
| 16:38 | Create | Villager (Male) |
| 16:40 | Create | Villager (Male) |
| 16:53 | Build | Market |
| 17:14 | Build | Stable |
| 17:36 | Build | Farm |
| 17:46 | Research | Wheelbarrow |
| 18:12 | Build | Blacksmith |
| 18:59 | Create | Trade Cart |
| 19:00 | Create | Trade Cart |
| 19:54 | Build | Stable |
| 20:20 | Build | House |
| 20:24 | Build | House |
| 20:28 | Build | House |
| 20:57 | Research | Castle Age |
| 21:28 | Build | Stable |
| 21:34 | Create | Trade Cart |
| 21:34 | Create | Trade Cart |
| 21:35 | Create | Trade Cart |
| 21:35 | Create | Trade Cart |
| 21:43 | Create | Villager (Male) |
| 21:44 | Create | Villager (Male) |
| 22:29 | Build | Stable |
| 22:43 | Create | Spearman |
| 22:43 | Create | Spearman |
| 23:11 | Build | Farm |
| 23:37 | Age | Castle Age |
| 23:46 | Build | Castle |
| 24:35 | Build | Town Center |
| 24:46 | Research | Heavy Plow |
| 24:54 | Create | Villager (Male) |
| 24:55 | Create | Villager (Male) |
| 24:55 | Create | Villager (Male) |
| 24:56 | Create | Villager (Male) |
| 24:56 | Create | Villager (Male) |
| 24:56 | Create | Villager (Male) |
| 25:33 | Build | Monastery |
| 25:41 | Research | Bow Saw |
| 26:11 | Research | Gold Shaft Mining |
| 26:37 | Research | Caravan |
| 26:44 | Build | Farm |
| 26:48 | Create | Villager (Male) |
| 26:48 | Create | Villager (Male) |
| 26:54 | Create | Monk |
| 26:54 | Create | Monk |
| 27:18 | Build | Farm |
| 27:24 | Create | Villager (Male) |
| 27:25 | Create | Villager (Male) |
| 27:25 | Create | Villager (Male) |
| 27:25 | Create | Villager (Male) |
| 27:25 | Create | Villager (Male) |
| 27:43 | Build | Siege Workshop |
| 28:22 | Build | Farm |
| 28:27 | Build | Farm |
| 28:31 | Build | Farm |
| 28:38 | Build | Mining Camp |
| 28:41 | Research | Hand Cart |
| 28:42 | Create | Villager (Male) |
| 28:43 | Create | Villager (Male) |
| 29:06 | Create | Mameluke |
| 29:06 | Create | Mameluke |
| 29:16 | Build | Siege Workshop |
| 29:28 | Research | Fervor |
| 29:37 | Build | Farm |
| 29:42 | Create | Villager (Male) |
| 29:42 | Create | Villager (Male) |
| 29:43 | Create | Villager (Male) |
| 29:43 | Create | Villager (Male) |
| 29:43 | Create | Villager (Male) |
| 30:10 | Build | Mining Camp |
| 30:17 | Build | Farm |
| 31:11 | Build | Town Center |
| 31:19 | Create | Villager (Male) |
| 31:19 | Create | Villager (Male) |
| 31:19 | Create | Villager (Male) |
| 31:20 | Create | Villager (Male) |
| 31:42 | Create | Mameluke |
| 31:42 | Create | Mameluke |
| 31:42 | Create | Mameluke |
| 32:09 | Research | Husbandry |
| 32:12 | Research | Bloodlines |
| 32:18 | Create | Trade Cart |
| 32:18 | Create | Trade Cart |
| 32:19 | Create | Trade Cart |
| 32:19 | Create | Trade Cart |
| 32:19 | Create | Trade Cart |
| 32:24 | Research | Scale Barding Armor |
| 32:26 | Research | Fletching |
| 32:33 | Build | Farm |
| 32:38 | Build | Farm |
| 32:52 | Build | Mining Camp |
Build order — Starr
First 150 of 524 actions detected
| 0:01 | Create | Villager (Male) |
| 0:01 | Create | Villager (Male) |
| 0:02 | Create | Villager (Male) |
| 0:04 | Build | House |
| 0:05 | Build | House |
| 0:35 | Build | House |
| 0:37 | Build | House |
| 0:43 | Build | Lumber Camp |
| 0:46 | Create | Villager (Male) |
| 1:31 | Create | Villager (Male) |
| 2:10 | Create | Villager (Male) |
| 2:31 | Create | Villager (Male) |
| 2:59 | Create | Villager (Male) |
| 3:00 | Create | Villager (Male) |
| 3:19 | Create | Villager (Male) |
| 3:19 | Create | Villager (Male) |
| 3:20 | Create | Villager (Male) |
| 3:53 | Create | Villager (Male) |
| 3:53 | Create | Villager (Male) |
| 4:24 | Create | Villager (Male) |
| 5:08 | Create | Villager (Male) |
| 5:45 | Build | Mining Camp |
| 5:48 | Create | Villager (Male) |
| 5:55 | Create | Villager (Male) |
| 6:13 | Create | Villager (Male) |
| 6:53 | Create | Villager (Male) |
| 7:17 | Create | Villager (Male) |
| 7:46 | Build | Mill |
| 7:54 | Create | Villager (Male) |
| 8:07 | Create | Villager (Male) |
| 8:11 | Research | Loom |
| 8:57 | Research | Feudal Age |
| 9:20 | Build | House |
| 10:55 | Build | Lumber Camp |
| 11:25 | Age | Feudal Age |
| 11:39 | Build | Market |
| 11:49 | Build | Blacksmith |
| 11:58 | Research | Double-Bit Axe |
| 12:27 | Research | Horse Collar |
| 12:59 | Build | Farm |
| 13:00 | Build | Farm |
| 13:00 | Build | Farm |
| 13:00 | Build | Farm |
| 13:00 | Build | Farm |
| 13:00 | Build | Farm |
| 13:06 | Research | Castle Age |
| 13:53 | Build | House |
| 13:54 | Build | House |
| 13:56 | Build | House |
| 14:45 | Create | Villager (Male) |
| 14:45 | Create | Villager (Male) |
| 14:46 | Create | Villager (Male) |
| 15:46 | Age | Castle Age |
| 15:54 | Build | Town Center |
| 16:00 | Create | Villager (Male) |
| 16:00 | Create | Villager (Male) |
| 16:01 | Create | Villager (Male) |
| 16:10 | Research | Bow Saw |
| 16:16 | Build | Town Center |
| 16:24 | Build | Farm |
| 16:25 | Build | Farm |
| 16:25 | Build | Farm |
| 16:25 | Build | Farm |
| 16:25 | Build | Farm |
| 16:56 | Build | Monastery |
| 17:25 | Create | Villager (Male) |
| 17:25 | Create | Villager (Male) |
| 17:25 | Create | Villager (Male) |
| 17:28 | Create | Villager (Male) |
| 17:28 | Create | Villager (Male) |
| 17:40 | Create | Villager (Male) |
| 17:45 | Create | Monk |
| 17:45 | Create | Monk |
| 17:48 | Research | Fervor |
| 18:00 | Create | Villager (Male) |
| 18:15 | Create | Villager (Male) |
| 18:20 | Create | Villager (Male) |
| 18:28 | Build | Farm |
| 18:28 | Build | Farm |
| 18:29 | Build | Farm |
| 18:29 | Build | Farm |
| 18:31 | Create | Villager (Male) |
| 18:38 | Create | Villager (Male) |
| 19:14 | Create | Villager (Male) |
| 19:15 | Create | Villager (Male) |
| 19:17 | Create | Villager (Male) |
| 19:20 | Create | Villager (Male) |
| 19:23 | Create | Villager (Male) |
| 19:28 | Build | Farm |
| 19:28 | Build | Farm |
| 19:33 | Build | Farm |
| 19:34 | Build | Farm |
| 20:02 | Create | Monk |
| 20:02 | Create | Monk |
| 20:07 | Create | Villager (Male) |
| 20:08 | Create | Villager (Male) |
| 20:09 | Create | Villager (Male) |
| 20:10 | Create | Villager (Male) |
| 20:12 | Create | Villager (Male) |
| 20:12 | Create | Villager (Male) |
| 20:21 | Build | Farm |
| 20:22 | Build | Farm |
| 20:22 | Build | Farm |
| 20:35 | Create | Villager (Male) |
| 20:35 | Create | Villager (Male) |
| 20:38 | Create | Villager (Male) |
| 21:09 | Build | Town Center |
| 21:15 | Build | House |
| 21:16 | Build | House |
| 21:17 | Build | House |
| 21:18 | Build | House |
| 21:19 | Build | House |
| 21:20 | Build | House |
| 23:10 | Create | Villager (Male) |
| 23:11 | Create | Villager (Male) |
| 23:11 | Create | Villager (Male) |
| 23:11 | Create | Villager (Male) |
| 23:27 | Build | Town Center |
| 23:28 | Build | Town Center |
| 23:58 | Create | Monk |
| 23:58 | Create | Monk |
| 24:07 | Build | Farm |
| 24:07 | Build | Farm |
| 24:08 | Build | Farm |
| 24:08 | Build | Farm |
| 24:08 | Build | Farm |
| 24:08 | Build | Farm |
| 27:01 | Create | Villager (Male) |
| 27:01 | Create | Villager (Male) |
| 27:01 | Create | Villager (Male) |
| 27:03 | Create | Villager (Male) |
| 27:03 | Create | Villager (Male) |
| 27:04 | Create | Villager (Male) |
| 27:05 | Create | Villager (Male) |
| 27:05 | Create | Villager (Male) |
| 27:05 | Create | Villager (Male) |
| 27:11 | Build | Mill |
| 27:13 | Build | Farm |
| 27:13 | Build | Farm |
| 27:13 | Build | Farm |
| 27:13 | Build | Farm |
| 27:13 | Build | Farm |
| 27:14 | Build | Farm |
| 27:14 | Build | Farm |
| 27:19 | Build | Farm |
| 27:42 | Create | Monk |
| 27:42 | Create | Monk |
| 27:42 | Create | Monk |
| 28:05 | Build | Mining Camp |
| 28:06 | Create | Villager (Male) |
Build order — Lesley
First 150 of 405 actions detected
| 0:05 | Build | House |
| 0:05 | Build | House |
| 0:09 | Create | Villager (Male) |
| 0:09 | Create | Villager (Male) |
| 0:52 | Create | Villager (Male) |
| 0:52 | Create | Villager (Male) |
| 1:57 | Create | Villager (Male) |
| 2:42 | Create | Villager (Male) |
| 2:43 | Create | Villager (Male) |
| 2:49 | Build | House |
| 2:54 | Build | Lumber Camp |
| 3:49 | Create | Villager (Male) |
| 3:50 | Create | Villager (Male) |
| 4:09 | Create | Villager (Male) |
| 4:27 | Create | Villager (Male) |
| 5:15 | Research | Loom |
| 5:52 | Create | Villager (Male) |
| 5:52 | Create | Villager (Male) |
| 5:58 | Build | House |
| 6:27 | Create | Villager (Male) |
| 6:27 | Create | Villager (Male) |
| 7:52 | Create | Villager (Male) |
| 7:53 | Create | Villager (Male) |
| 8:32 | Create | Villager (Male) |
| 8:50 | Build | Mill |
| 9:22 | Create | Villager (Male) |
| 9:53 | Research | Feudal Age |
| 10:21 | Build | Mining Camp |
| 10:30 | Build | House |
| 10:34 | Create | Villager (Male) |
| 10:35 | Create | Villager (Male) |
| 12:03 | Age | Feudal Age |
| 12:05 | Build | Blacksmith |
| 12:19 | Build | Market |
| 12:29 | Create | Villager (Male) |
| 12:29 | Create | Villager (Male) |
| 12:32 | Research | Double-Bit Axe |
| 12:37 | Research | Horse Collar |
| 13:22 | Create | Villager (Male) |
| 13:34 | Build | House |
| 14:01 | Create | Villager (Male) |
| 14:55 | Create | Villager (Male) |
| 15:37 | Research | Castle Age |
| 15:56 | Build | Farm |
| 16:02 | Build | Farm |
| 16:05 | Build | Farm |
| 16:18 | Build | Farm |
| 17:01 | Build | Farm |
| 17:02 | Build | Farm |
| 17:04 | Build | Farm |
| 17:05 | Build | Farm |
| 17:06 | Build | Farm |
| 17:08 | Build | Farm |
| 17:09 | Build | Farm |
| 17:12 | Build | Farm |
| 17:13 | Build | Farm |
| 17:15 | Build | Farm |
| 17:21 | Create | Villager (Male) |
| 17:22 | Create | Villager (Male) |
| 17:22 | Create | Villager (Male) |
| 17:26 | Build | Farm |
| 18:17 | Age | Castle Age |
| 18:20 | Build | Monastery |
| 18:26 | Research | Bow Saw |
| 18:30 | Research | Heavy Plow |
| 18:43 | Build | Town Center |
| 18:58 | Build | House |
| 19:21 | Create | Monk |
| 19:38 | Create | Villager (Male) |
| 19:38 | Create | Villager (Male) |
| 19:38 | Create | Villager (Male) |
| 19:40 | Create | Villager (Male) |
| 19:49 | Build | House |
| 19:56 | Create | Villager (Male) |
| 19:57 | Create | Villager (Male) |
| 19:57 | Create | Villager (Male) |
| 19:57 | Create | Villager (Male) |
| 20:08 | Research | Stone Mining |
| 20:50 | Create | Villager (Male) |
| 20:50 | Create | Villager (Male) |
| 20:53 | Create | Villager (Male) |
| 20:53 | Create | Villager (Male) |
| 21:31 | Create | Villager (Male) |
| 21:32 | Create | Villager (Male) |
| 21:34 | Create | Villager (Male) |
| 21:34 | Create | Villager (Male) |
| 21:41 | Build | House |
| 22:09 | Build | House |
| 23:14 | Build | Castle |
| 23:20 | Create | Villager (Male) |
| 23:20 | Create | Villager (Male) |
| 23:23 | Create | Villager (Male) |
| 23:23 | Create | Villager (Male) |
| 23:23 | Create | Villager (Male) |
| 23:23 | Create | Villager (Male) |
| 23:32 | Build | House |
| 23:33 | Build | House |
| 24:21 | Create | Monk |
| 24:38 | Create | Villager (Male) |
| 24:38 | Create | Villager (Male) |
| 24:39 | Create | Villager (Male) |
| 24:39 | Create | Villager (Male) |
| 24:39 | Create | Villager (Male) |
| 24:40 | Create | Villager (Male) |
| 24:40 | Create | Villager (Male) |
| 25:11 | Research | Fletching |
| 25:28 | Research | Caravan |
| 25:28 | Create | Trade Cart |
| 25:29 | Create | Trade Cart |
| 25:48 | Build | Mill |
| 25:51 | Build | Farm |
| 25:52 | Build | Farm |
| 25:53 | Build | Farm |
| 25:55 | Build | Farm |
| 26:03 | Build | Town Center |
| 26:10 | Build | House |
| 26:11 | Build | House |
| 26:11 | Build | House |
| 26:12 | Build | House |
| 26:13 | Build | House |
| 26:16 | Create | Villager (Male) |
| 26:16 | Create | Villager (Male) |
| 26:18 | Create | Villager (Male) |
| 26:18 | Create | Villager (Male) |
| 26:19 | Create | Villager (Male) |
| 26:19 | Create | Villager (Male) |
| 26:22 | Create | Mangudai |
| 26:23 | Create | Mangudai |
| 26:23 | Create | Mangudai |
| 26:23 | Create | Mangudai |
| 26:27 | Build | Mining Camp |
| 28:01 | Build | Siege Workshop |
| 28:09 | Create | Villager (Male) |
| 28:09 | Create | Villager (Male) |
| 28:09 | Create | Villager (Male) |
| 28:09 | Create | Villager (Male) |
| 28:10 | Create | Villager (Male) |
| 28:10 | Create | Villager (Male) |
| 28:10 | Create | Villager (Male) |
| 28:11 | Create | Villager (Male) |
| 28:11 | Create | Villager (Male) |
| 28:11 | Create | Villager (Male) |
| 28:11 | Create | Villager (Male) |
| 28:12 | Create | Villager (Male) |
| 28:12 | Create | Villager (Male) |
| 28:12 | Create | Villager (Male) |
| 28:12 | Create | Villager (Male) |
| 28:13 | Create | Villager (Male) |
| 28:13 | Create | Villager (Male) |
| 28:18 | Build | House |
Build order — GALU
First 150 of 366 actions detected
| 0:09 | Build | House |
| 0:11 | Build | House |
| 0:12 | Research | Loom |
| 0:12 | Create | Villager (Male) |
| 0:13 | Create | Villager (Male) |
| 0:13 | Create | Villager (Male) |
| 0:13 | Create | Villager (Male) |
| 0:14 | Create | Villager (Male) |
| 2:22 | Create | Villager (Male) |
| 2:59 | Create | Villager (Male) |
| 3:00 | Create | Villager (Male) |
| 3:15 | Build | Lumber Camp |
| 3:19 | Create | Villager (Male) |
| 3:19 | Create | Villager (Male) |
| 3:20 | Create | Villager (Male) |
| 3:20 | Create | Villager (Male) |
| 4:26 | Create | Villager (Male) |
| 4:26 | Create | Villager (Male) |
| 4:27 | Create | Villager (Male) |
| 5:37 | Build | House |
| 6:06 | Create | Villager (Male) |
| 6:06 | Create | Villager (Male) |
| 6:06 | Create | Villager (Male) |
| 6:36 | Build | Mill |
| 7:39 | Build | House |
| 7:57 | Create | Villager (Male) |
| 7:57 | Create | Villager (Male) |
| 7:58 | Research | Feudal Age |
| 8:55 | Build | Mining Camp |
| 10:57 | Age | Feudal Age |
| 11:24 | Build | Market |
| 11:28 | Build | Blacksmith |
| 12:34 | Research | Castle Age |
| 12:49 | Build | Market |
| 14:19 | Build | Lumber Camp |
| 14:25 | Build | Farm |
| 14:27 | Build | Farm |
| 14:55 | Research | Horse Collar |
| 14:57 | Research | Double-Bit Axe |
| 15:14 | Create | Trade Cart |
| 15:14 | Age | Castle Age |
| 16:09 | Create | Villager (Male) ×5 |
| 16:22 | Build | Town Center |
| 16:57 | Build | Stone Wall |
| 17:14 | Build | Mining Camp |
| 17:53 | Build | Gate |
| 18:01 | Build | House |
| 18:03 | Build | House |
| 18:04 | Build | House |
| 18:06 | Build | House |
| 18:09 | Build | House |
| 18:23 | Research | Wheelbarrow |
| 18:29 | Build | Farm |
| 18:33 | Build | Farm |
| 18:55 | Build | Gate |
| 19:06 | Build | Stone Wall |
| 19:29 | Create | Villager (Male) ×3 |
| 19:30 | Create | Villager (Male) ×3 |
| 20:03 | Build | Town Center |
| 20:07 | Create | Villager (Male) ×2 |
| 21:19 | Build | Farm |
| 21:19 | Build | Farm |
| 21:20 | Build | Farm |
| 21:20 | Build | Farm |
| 21:24 | Build | Farm |
| 21:32 | Create | Villager (Male) ×4 |
| 21:57 | Build | Barracks |
| 22:32 | Create | Villager (Male) ×3 |
| 23:04 | Build | Town Center |
| 23:11 | Create | Villager (Male) ×3 |
| 23:38 | Build | Farm |
| 23:39 | Build | Farm |
| 23:41 | Build | Farm |
| 23:56 | Build | Lumber Camp |
| 24:10 | Create | Villager (Male) ×5 |
| 24:17 | Build | Farm |
| 24:19 | Build | Farm |
| 24:20 | Build | Farm |
| 24:22 | Build | Farm |
| 24:24 | Build | Farm |
| 24:25 | Build | Farm |
| 25:02 | Build | House |
| 25:04 | Build | House |
| 25:05 | Build | House |
| 25:07 | Build | House |
| 25:08 | Build | House |
| 25:09 | Build | House |
| 25:10 | Build | House |
| 25:13 | Build | House |
| 25:14 | Build | House |
| 25:15 | Build | House |
| 25:23 | Create | Villager (Male) ×5 |
| 25:34 | Build | Farm |
| 25:35 | Build | Farm |
| 25:38 | Build | Farm |
| 25:39 | Build | Farm |
| 26:03 | Build | Farm |
| 26:05 | Build | Farm |
| 26:07 | Build | Farm |
| 26:09 | Build | Farm |
| 26:15 | Create | Villager (Male) ×5 |
| 26:19 | Create | Villager (Male) ×4 |
| 26:23 | Create | Villager (Male) |
| 26:38 | Create | Villager (Male) ×5 |
| 26:42 | Build | Farm |
| 26:47 | Research | Heavy Plow |
| 26:52 | Research | Bow Saw |
| 27:15 | Build | Farm |
| 27:16 | Build | Farm |
| 27:25 | Build | Farm |
| 27:29 | Build | Farm |
| 27:32 | Build | Farm |
| 27:51 | Research | Hand Cart |
| 27:52 | Create | Villager (Male) ×4 |
| 28:08 | Build | Farm |
| 28:12 | Build | Farm |
| 28:20 | Create | Villager (Male) ×5 |
| 28:29 | Build | Monastery |
| 28:51 | Create | Trade Cart ×2 |
| 29:08 | Build | Lumber Camp |
| 29:32 | Create | Villager (Male) ×5 |
| 29:37 | Create | Villager (Male) ×5 |
| 29:38 | Create | Villager (Male) ×5 |
| 29:45 | Build | Town Center |
| 29:56 | Build | House |
| 29:57 | Build | House |
| 29:58 | Build | House |
| 29:59 | Build | House |
| 30:02 | Build | House |
| 30:03 | Build | House |
| 30:05 | Build | House |
| 30:06 | Build | House |
| 30:16 | Build | Siege Workshop |
| 30:33 | Create | Villager (Male) |
| 30:37 | Research | Scale Barding Armor |
| 31:12 | Research | Imperial Age |
| 31:20 | Create | Villager (Male) ×5 |
| 31:21 | Create | Villager (Male) |
| 31:28 | Build | Siege Workshop |
| 31:29 | Build | Siege Workshop |
| 31:30 | Build | Siege Workshop |
| 31:37 | Create | Mangonel |
| 31:38 | Create | Mangonel |
| 32:13 | Create | Villager (Male) ×5 |
| 32:13 | Create | Villager (Male) ×5 |
| 32:14 | Create | Villager (Male) ×5 |
| 32:14 | Create | Villager (Male) ×4 |
| 32:20 | Build | Lumber Camp |
| 33:17 | Build | Market |
| 33:18 | Build | Market |
Build order — Tractin
First 150 of 561 actions detected
| 0:01 | Create | Villager (Male) |
| 0:01 | Create | Villager (Male) |
| 0:01 | Create | Villager (Male) |
| 0:01 | Create | Villager (Male) |
| 0:01 | Create | Villager (Male) |
| 0:05 | Build | House |
| 0:06 | Build | House |
| 1:20 | Research | Loom |
| 1:31 | Create | Villager (Male) |
| 1:56 | Build | Lumber Camp |
| 2:01 | Create | Villager (Male) |
| 2:36 | Create | Villager (Male) |
| 2:36 | Create | Villager (Male) |
| 3:02 | Create | Villager (Male) |
| 3:34 | Create | Villager (Male) |
| 4:43 | Create | Villager (Male) |
| 4:43 | Create | Villager (Male) |
| 4:43 | Create | Villager (Male) |
| 5:08 | Build | Palisade Wall |
| 5:21 | Build | Palisade Wall |
| 5:28 | Build | Palisade Gate |
| 5:30 | Build | Palisade Gate |
| 5:39 | Create | Villager (Male) |
| 5:40 | Create | Villager (Male) |
| 5:40 | Create | Villager (Male) |
| 5:45 | Build | House |
| 5:47 | Build | House |
| 6:11 | Create | Villager (Male) |
| 6:26 | Build | Mill |
| 6:30 | Create | Villager (Male) |
| 6:30 | Create | Villager (Male) |
| 7:59 | Create | Villager (Male) |
| 8:33 | Build | Mill |
| 8:50 | Create | Villager (Male) |
| 8:50 | Create | Villager (Male) |
| 9:18 | Create | Villager (Male) |
| 9:40 | Build | Farm |
| 9:45 | Build | Farm |
| 10:13 | Research | Feudal Age |
| 10:49 | Build | Mining Camp |
| 10:50 | Create | Villager (Male) |
| 10:52 | Create | Villager (Male) |
| 11:55 | Create | Villager (Male) |
| 12:12 | Build | Mining Camp |
| 12:23 | Age | Feudal Age |
| 12:53 | Build | House |
| 13:13 | Research | Town Watch |
| 13:51 | Build | Market |
| 14:26 | Create | Villager (Male) |
| 14:39 | Build | Blacksmith |
| 14:45 | Create | Villager (Male) |
| 14:53 | Build | Farm |
| 15:11 | Research | Castle Age |
| 15:41 | Build | House |
| 15:43 | Build | House |
| 15:58 | Build | Farm |
| 16:02 | Research | Double-Bit Axe |
| 16:04 | Research | Horse Collar |
| 16:25 | Build | Farm |
| 17:00 | Create | Villager (Male) |
| 17:02 | Create | Villager (Male) |
| 17:52 | Create | Villager (Male) |
| 17:52 | Create | Villager (Male) |
| 17:56 | Research | Wheelbarrow |
| 17:56 | Age | Castle Age |
| 18:04 | Build | Monastery |
| 18:12 | Create | Villager (Male) |
| 18:12 | Create | Villager (Male) |
| 18:14 | Create | Villager (Male) |
| 18:30 | Build | Town Center |
| 18:43 | Create | Villager (Male) |
| 18:58 | Create | Monk |
| 19:29 | Create | Villager (Male) |
| 19:53 | Build | Town Center |
| 19:58 | Create | Villager (Male) |
| 19:58 | Create | Villager (Male) |
| 20:20 | Build | Farm |
| 20:25 | Build | Farm |
| 20:27 | Build | Farm |
| 20:29 | Build | Farm |
| 20:33 | Build | Farm |
| 20:40 | Create | Villager (Male) |
| 20:41 | Create | Villager (Male) |
| 20:41 | Create | Villager (Male) |
| 20:42 | Create | Villager (Male) |
| 21:02 | Build | Farm |
| 21:03 | Build | Farm |
| 21:05 | Build | Farm |
| 21:09 | Create | Villager (Male) |
| 21:21 | Build | Farm |
| 21:24 | Build | Farm |
| 21:26 | Build | Farm |
| 21:39 | Create | Villager (Male) |
| 21:40 | Create | Villager (Male) |
| 21:47 | Create | Villager (Male) |
| 21:56 | Create | Villager (Male) |
| 21:56 | Create | Villager (Male) |
| 21:58 | Create | Villager (Male) |
| 21:58 | Create | Villager (Male) |
| 21:59 | Create | Villager (Male) |
| 22:05 | Build | Farm |
| 22:06 | Build | Farm |
| 22:08 | Build | Farm |
| 22:29 | Create | Villager (Male) |
| 22:30 | Create | Villager (Male) |
| 22:31 | Create | Villager (Male) |
| 22:31 | Create | Villager (Male) |
| 22:32 | Create | Villager (Male) |
| 22:37 | Build | Farm |
| 22:58 | Build | Farm |
| 23:00 | Build | Farm |
| 23:02 | Build | Farm |
| 23:03 | Build | Farm |
| 23:13 | Build | Farm |
| 23:19 | Build | House |
| 23:32 | Build | Lumber Camp |
| 23:35 | Research | Bow Saw |
| 23:39 | Create | Villager (Male) |
| 23:40 | Create | Villager (Male) |
| 23:40 | Create | Villager (Male) |
| 23:41 | Create | Villager (Male) |
| 23:43 | Create | Villager (Male) |
| 23:53 | Create | Villager (Male) |
| 23:54 | Create | Villager (Male) |
| 23:55 | Create | Villager (Male) |
| 24:04 | Build | Farm |
| 24:05 | Build | Farm |
| 24:07 | Build | Farm |
| 24:09 | Build | Farm |
| 24:10 | Build | Farm |
| 24:12 | Create | Villager (Male) |
| 24:13 | Create | Villager (Male) |
| 24:20 | Build | House |
| 24:21 | Build | House |
| 24:23 | Build | House |
| 24:34 | Create | Villager (Male) |
| 24:44 | Research | Town Watch |
| 24:47 | Create | Villager (Male) |
| 24:47 | Create | Villager (Male) |
| 24:47 | Create | Villager (Male) |
| 24:53 | Create | Villager (Male) |
| 24:53 | Create | Villager (Male) |
| 25:00 | Build | Farm |
| 25:04 | Build | Farm |
| 25:05 | Build | Farm |
| 25:07 | Build | Farm |
| 25:20 | Create | Villager (Male) |
| 25:21 | Create | Villager (Male) |
| 25:22 | Create | Villager (Male) |
| 25:23 | Create | Villager (Male) |
Build order — claudioarancibiaa
First 150 of 566 actions detected
| 0:25 | Create | Villager (Male) |
| 0:26 | Research | Loom |
| 0:48 | Build | House |
| 0:51 | Build | House |
| 0:54 | Build | House |
| 1:11 | Research | Loom |
| 1:12 | Create | Villager (Male) |
| 1:12 | Create | Villager (Male) |
| 1:12 | Create | Villager (Male) |
| 1:13 | Create | Villager (Male) |
| 2:08 | Create | Villager (Male) |
| 2:08 | Create | Villager (Male) |
| 2:08 | Create | Villager (Male) |
| 2:08 | Create | Villager (Male) |
| 2:20 | Build | House |
| 2:53 | Create | Villager (Male) |
| 3:52 | Create | Villager (Male) |
| 3:52 | Create | Villager (Male) |
| 3:53 | Create | Villager (Male) |
| 3:53 | Create | Villager (Male) |
| 4:22 | Create | Villager (Male) |
| 4:23 | Create | Villager (Male) |
| 4:23 | Create | Villager (Male) |
| 4:23 | Create | Villager (Male) |
| 4:53 | Create | Villager (Male) |
| 4:54 | Create | Villager (Male) |
| 4:54 | Create | Villager (Male) |
| 5:35 | Create | Villager (Male) |
| 5:35 | Create | Villager (Male) |
| 5:36 | Create | Villager (Male) |
| 5:36 | Create | Villager (Male) |
| 5:58 | Create | Villager (Male) |
| 6:37 | Build | Mining Camp |
| 6:43 | Create | Villager (Male) |
| 7:23 | Build | Mill |
| 7:37 | Create | Villager (Male) |
| 7:59 | Build | Lumber Camp |
| 9:20 | Build | Mill |
| 9:40 | Research | Feudal Age |
| 11:23 | Create | Villager (Male) |
| 11:24 | Create | Villager (Male) |
| 11:50 | Age | Feudal Age |
| 11:54 | Research | Horse Collar |
| 11:58 | Research | Double-Bit Axe |
| 12:01 | Create | Villager (Male) |
| 12:02 | Create | Villager (Male) |
| 12:39 | Create | Villager (Male) |
| 12:39 | Create | Villager (Male) |
| 12:47 | Build | Market |
| 13:12 | Create | Villager (Male) |
| 13:32 | Build | House |
| 13:34 | Build | House |
| 13:36 | Build | House |
| 13:37 | Build | House |
| 14:19 | Research | Wheelbarrow |
| 14:21 | Create | Villager (Male) |
| 14:21 | Create | Villager (Male) |
| 14:22 | Create | Villager (Male) |
| 15:31 | Build | Blacksmith |
| 16:13 | Research | Gold Mining |
| 16:21 | Build | House |
| 16:23 | Build | House |
| 16:25 | Build | House |
| 17:07 | Create | Villager (Male) |
| 18:01 | Build | Farm |
| 18:48 | Research | Castle Age |
| 19:18 | Build | Farm |
| 19:27 | Build | Farm |
| 19:41 | Build | Farm |
| 19:56 | Build | Farm |
| 20:00 | Build | Farm |
| 20:06 | Build | Farm |
| 20:09 | Build | Farm |
| 20:36 | Build | Farm |
| 21:28 | Age | Castle Age |
| 21:42 | Research | Heavy Plow |
| 21:53 | Research | Bow Saw |
| 22:21 | Build | Town Center |
| 22:37 | Create | Villager (Male) |
| 22:37 | Create | Villager (Male) |
| 22:39 | Create | Villager (Male) |
| 22:40 | Create | Villager (Male) |
| 22:40 | Create | Villager (Male) |
| 22:42 | Create | Villager (Male) |
| 22:42 | Create | Villager (Male) |
| 22:43 | Create | Villager (Male) |
| 23:35 | Build | Town Center |
| 24:09 | Create | Villager (Male) |
| 24:09 | Create | Villager (Male) |
| 24:09 | Create | Villager (Male) |
| 24:10 | Create | Villager (Male) |
| 24:10 | Create | Villager (Male) |
| 24:21 | Build | Monastery |
| 24:41 | Build | University |
| 25:07 | Create | Villager (Male) |
| 25:14 | Create | Villager (Male) |
| 25:14 | Create | Villager (Male) |
| 25:14 | Create | Villager (Male) |
| 25:21 | Build | Farm |
| 25:33 | Research | Treadmill Crane |
| 25:45 | Build | House |
| 25:46 | Build | House |
| 25:48 | Build | House |
| 25:50 | Build | House |
| 25:51 | Build | House |
| 25:53 | Build | House |
| 26:07 | Create | Villager (Male) |
| 26:07 | Create | Villager (Male) |
| 26:07 | Create | Villager (Male) |
| 26:33 | Create | Monk |
| 26:35 | Research | Fervor |
| 26:48 | Build | Farm |
| 26:49 | Build | Farm |
| 26:57 | Build | Farm |
| 27:00 | Build | Farm |
| 27:04 | Create | Villager (Male) |
| 27:04 | Create | Villager (Male) |
| 27:04 | Create | Villager (Male) |
| 27:07 | Create | Villager (Male) |
| 27:07 | Create | Villager (Male) |
| 27:07 | Create | Villager (Male) |
| 27:07 | Create | Villager (Male) |
| 27:25 | Build | Farm |
| 27:36 | Create | Villager (Male) |
| 27:36 | Create | Villager (Male) |
| 27:40 | Create | Villager (Male) |
| 27:40 | Create | Villager (Male) |
| 27:53 | Build | Farm |
| 27:54 | Build | Farm |
| 28:01 | Build | Farm |
| 28:08 | Build | Farm |
| 28:18 | Research | Stone Mining |
| 28:26 | Build | House |
| 28:28 | Build | House |
| 28:30 | Build | House |
| 28:44 | Build | Farm |
| 28:46 | Build | Farm |
| 28:55 | Create | Villager (Male) |
| 28:55 | Create | Villager (Male) |
| 28:55 | Create | Villager (Male) |
| 28:56 | Create | Villager (Male) |
| 28:56 | Create | Villager (Male) |
| 28:56 | Create | Villager (Male) |
| 29:08 | Build | Farm |
| 29:15 | Build | Farm |
| 29:37 | Build | Town Center |
| 30:05 | Research | Ballistics |
| 30:26 | Create | Villager (Male) |
| 30:26 | Create | Villager (Male) |
| 30:26 | Create | Villager (Male) |
Build order — maddaloni.ivan93
First 150 of 529 actions detected
| 0:08 | Build | House |
| 0:11 | Build | House |
| 0:14 | Build | House |
| 0:17 | Build | House |
| 0:19 | Research | Loom |
| 0:20 | Create | Villager (Male) |
| 0:20 | Create | Villager (Male) |
| 0:21 | Create | Villager (Male) |
| 0:21 | Create | Villager (Male) |
| 1:51 | Build | Mill |
| 2:57 | Create | Villager (Male) |
| 3:27 | Create | Villager (Male) |
| 4:00 | Create | Villager (Male) |
| 4:01 | Create | Villager (Male) |
| 4:04 | Create | Villager (Male) |
| 4:20 | Create | Villager (Male) |
| 4:56 | Create | Villager (Male) |
| 5:28 | Create | Villager (Male) |
| 5:49 | Create | Villager (Male) |
| 6:11 | Create | Villager (Male) |
| 6:47 | Build | Lumber Camp |
| 6:50 | Create | Villager (Male) |
| 7:20 | Create | Villager (Male) |
| 7:44 | Create | Villager (Male) |
| 7:55 | Build | House |
| 7:58 | Build | House |
| 8:01 | Build | House |
| 8:06 | Build | House |
| 8:24 | Build | Mill |
| 8:26 | Create | Villager (Male) |
| 8:32 | Create | Villager (Male) |
| 8:49 | Create | Villager (Male) |
| 8:56 | Create | Villager (Male) |
| 9:06 | Build | Lumber Camp |
| 9:17 | Create | Villager (Male) |
| 9:41 | Build | Palisade Wall |
| 9:51 | Create | Villager (Male) |
| 9:57 | Create | Villager (Male) |
| 10:37 | Build | Mining Camp |
| 10:39 | Create | Villager (Male) |
| 10:45 | Create | Villager (Male) |
| 10:49 | Build | House |
| 10:58 | Build | Lumber Camp |
| 11:09 | Build | Mining Camp |
| 11:19 | Create | Villager (Male) |
| 11:34 | Build | Palisade Gate |
| 11:42 | Build | Palisade Gate |
| 11:56 | Build | Farm |
| 11:59 | Build | Farm |
| 12:26 | Build | Farm |
| 12:51 | Research | Feudal Age |
| 12:58 | Build | Farm |
| 13:04 | Build | Farm |
| 13:10 | Build | Farm |
| 13:18 | Build | Farm |
| 13:26 | Build | Farm |
| 13:58 | Build | Palisade Gate |
| 15:01 | Age | Feudal Age |
| 15:10 | Create | Villager (Male) |
| 15:11 | Create | Villager (Male) |
| 15:11 | Create | Villager (Male) |
| 15:14 | Research | Horse Collar |
| 15:16 | Research | Double-Bit Axe |
| 15:28 | Research | Gold Mining |
| 15:31 | Research | Stone Mining |
| 15:35 | Create | Villager (Male) |
| 16:03 | Build | Market |
| 16:15 | Build | Blacksmith |
| 16:20 | Create | Villager (Male) |
| 16:31 | Build | Lumber Camp |
| 16:51 | Build | Barracks |
| 17:03 | Create | Villager (Male) |
| 17:10 | Create | Villager (Male) |
| 17:20 | Create | Villager (Male) |
| 17:46 | Create | Villager (Male) |
| 17:54 | Build | House |
| 18:00 | Create | Spearman |
| 18:01 | Create | Spearman |
| 18:09 | Build | Farm |
| 18:12 | Create | Villager (Male) |
| 18:14 | Research | Forging |
| 18:15 | Research | Scale Mail Armor |
| 18:25 | Research | Town Watch |
| 18:35 | Build | Farm |
| 18:37 | Create | Villager (Male) |
| 18:53 | Create | Villager (Male) |
| 19:04 | Build | Farm |
| 19:21 | Build | Market |
| 19:29 | Build | Market |
| 19:37 | Create | Spearman |
| 19:38 | Create | Spearman |
| 19:42 | Research | Arson |
| 19:53 | Build | Farm |
| 19:55 | Create | Villager (Male) |
| 20:25 | Build | House |
| 20:28 | Build | House |
| 20:48 | Create | Spearman |
| 20:49 | Create | Spearman |
| 20:50 | Create | Spearman |
| 20:50 | Create | Spearman |
| 20:55 | Research | Man-at-Arms (upgrade) |
| 21:04 | Build | Farm |
| 21:11 | Build | Farm |
| 21:19 | Create | Villager (Male) |
| 21:20 | Create | Villager (Male) |
| 21:33 | Create | Villager (Male) |
| 21:45 | Build | House |
| 24:01 | Build | Archery Range |
| 24:04 | Build | Archery Range |
| 24:23 | Create | Spearman |
| 24:23 | Create | Spearman |
| 24:36 | Build | Mining Camp |
| 24:41 | Build | Farm |
| 24:45 | Build | Farm |
| 24:49 | Build | Farm |
| 24:51 | Research | Castle Age |
| 25:05 | Create | Trade Cart |
| 25:05 | Create | Trade Cart |
| 25:05 | Create | Trade Cart |
| 25:54 | Create | Archer |
| 25:55 | Create | Archer |
| 26:23 | Create | Spearman |
| 26:24 | Create | Spearman |
| 26:54 | Build | House |
| 26:57 | Build | House |
| 26:59 | Build | House |
| 27:03 | Build | House |
| 27:05 | Build | House |
| 27:07 | Build | House |
| 27:11 | Build | House |
| 27:14 | Build | House |
| 27:31 | Age | Castle Age |
| 27:50 | Build | Siege Workshop |
| 27:53 | Research | Pikeman (upgrade) |
| 27:56 | Research | Elite Skirmisher (upgrade) |
| 27:57 | Research | Crossbowman (upgrade) |
| 28:01 | Create | Archer |
| 28:02 | Create | Skirmisher |
| 28:11 | Create | Villager (Male) |
| 28:12 | Create | Villager (Male) |
| 28:12 | Create | Villager (Male) |
| 28:12 | Create | Villager (Male) |
| 28:12 | Create | Villager (Male) |
| 28:18 | Create | Villager (Male) |
| 28:26 | Create | Trade Cart |
| 28:27 | Create | Trade Cart |
| 28:27 | Create | Trade Cart |
| 28:46 | Build | Monastery |
| 28:54 | Research | Padded Archer Armor |
| 28:57 | Create | Villager (Male) |
Build order — Avercan9052
First 150 of 475 actions detected
| 0:10 | Create | Villager (Male) |
| 0:48 | Build | House |
| 0:51 | Build | House |
| 0:53 | Build | House |
| 1:00 | Create | Villager (Male) |
| 1:01 | Create | Villager (Male) |
| 1:01 | Create | Villager (Male) |
| 2:36 | Build | Mill |
| 3:09 | Create | Villager (Male) |
| 3:09 | Create | Villager (Male) |
| 3:09 | Create | Villager (Male) |
| 3:10 | Create | Villager (Male) |
| 3:56 | Create | Villager (Male) |
| 3:56 | Create | Villager (Male) |
| 8:03 | Build | Lumber Camp |
| 8:20 | Create | Villager (Male) |
| 8:21 | Create | Villager (Male) |
| 8:21 | Create | Villager (Male) |
| 8:21 | Create | Villager (Male) |
| 8:21 | Create | Villager (Male) |
| 8:22 | Create | Villager (Male) |
| 8:22 | Create | Villager (Male) |
| 8:23 | Create | Villager (Male) |
| 9:59 | Build | House |
| 10:03 | Build | House |
| 11:30 | Build | Barracks |
| 11:35 | Research | Feudal Age |
| 11:50 | Create | Villager (Male) |
| 11:51 | Create | Villager (Male) |
| 11:51 | Create | Villager (Male) |
| 11:51 | Create | Villager (Male) |
| 11:51 | Create | Villager (Male) |
| 11:52 | Create | Villager (Male) |
| 12:53 | Create | Villager (Male) |
| 12:53 | Create | Villager (Male) |
| 12:53 | Create | Villager (Male) |
| 13:09 | Build | House |
| 13:10 | Build | House |
| 13:54 | Research | Wheelbarrow |
| 14:01 | Research | Horse Collar |
| 14:30 | Build | House |
| 15:01 | Create | Villager (Male) |
| 15:01 | Create | Villager (Male) |
| 15:01 | Create | Villager (Male) |
| 15:02 | Create | Villager (Male) |
| 15:02 | Create | Villager (Male) |
| 15:02 | Create | Villager (Male) |
| 15:02 | Create | Villager (Male) |
| 15:03 | Create | Villager (Male) |
| 15:03 | Create | Villager (Male) |
| 15:04 | Create | Villager (Male) |
| 15:15 | Build | Farm |
| 15:20 | Build | Farm |
| 15:26 | Build | Farm |
| 15:35 | Build | Farm |
| 15:45 | Research | Double-Bit Axe |
| 16:22 | Build | Farm |
| 16:33 | Build | Farm |
| 17:03 | Build | Farm |
| 17:25 | Build | Farm |
| 17:36 | Build | Farm |
| 18:03 | Build | Farm |
| 18:12 | Build | Farm |
| 18:39 | Build | Farm |
| 18:55 | Build | House |
| 18:57 | Build | House |
| 18:59 | Build | House |
| 19:01 | Build | House |
| 19:24 | Build | Farm |
| 19:32 | Build | Farm |
| 19:53 | Build | Farm |
| 19:55 | Create | Villager (Male) |
| 19:56 | Create | Villager (Male) |
| 19:56 | Create | Villager (Male) |
| 19:56 | Create | Villager (Male) |
| 19:57 | Create | Villager (Male) |
| 19:57 | Create | Villager (Male) |
| 19:57 | Create | Villager (Male) |
| 19:57 | Create | Villager (Male) |
| 19:58 | Create | Villager (Male) |
| 19:58 | Create | Villager (Male) |
| 19:59 | Create | Villager (Male) |
| 20:28 | Build | Barracks |
| 21:50 | Build | Market |
| 21:59 | Build | Farm |
| 22:09 | Build | Farm |
| 22:17 | Build | House |
| 22:19 | Build | House |
| 22:36 | Build | Farm |
| 22:43 | Build | Farm |
| 23:25 | Build | House |
| 23:41 | Build | Mining Camp |
| 24:08 | Build | House |
| 24:10 | Build | House |
| 24:23 | Build | Market |
| 24:35 | Create | Trade Cart |
| 24:35 | Create | Trade Cart |
| 24:48 | Create | Trade Cart |
| 24:48 | Create | Trade Cart |
| 25:19 | Build | Blacksmith |
| 25:46 | Build | House |
| 25:47 | Build | House |
| 25:49 | Build | House |
| 25:50 | Build | House |
| 25:51 | Build | House |
| 25:53 | Build | House |
| 25:54 | Build | House |
| 26:17 | Research | Castle Age |
| 26:24 | Research | Forging |
| 26:25 | Research | Scale Mail Armor |
| 26:27 | Research | Padded Archer Armor |
| 26:27 | Research | Fletching |
| 27:02 | Create | Villager (Male) |
| 27:02 | Create | Villager (Male) |
| 27:03 | Create | Villager (Male) |
| 27:03 | Create | Villager (Male) |
| 27:04 | Create | Villager (Male) |
| 27:04 | Create | Villager (Male) |
| 27:05 | Create | Villager (Male) |
| 27:05 | Create | Villager (Male) |
| 27:05 | Create | Villager (Male) |
| 27:06 | Create | Villager (Male) |
| 27:27 | Build | Archery Range |
| 27:59 | Build | Farm |
| 28:37 | Research | Stone Mining |
| 29:32 | Build | House |
| 29:33 | Build | House |
| 29:34 | Build | House |
| 30:02 | Research | Hand Cart |
| 30:10 | Research | Caravan |
| 30:19 | Create | Trade Cart |
| 30:32 | Research | Pikeman (upgrade) |
| 30:33 | Research | Squires |
| 30:43 | Create | Spearman |
| 30:44 | Create | Spearman |
| 30:44 | Create | Spearman |
| 30:44 | Create | Spearman |
| 30:45 | Create | Spearman |
| 30:45 | Create | Spearman |
| 30:57 | Research | Iron Casting |
| 30:58 | Research | Chain Mail Armor |
| 31:19 | Build | Castle |
| 31:46 | Create | Villager (Male) |
| 31:47 | Create | Villager (Male) |
| 31:47 | Create | Villager (Male) |
| 31:47 | Create | Villager (Male) |
| 31:47 | Create | Villager (Male) |
| 31:48 | Create | Villager (Male) |
| 31:48 | Create | Villager (Male) |
| 31:49 | Create | Villager (Male) |
Match timeline
| 5:08 | Tractin · wall_segment Palisade Wall x1 |
| 5:21 | Tractin · wall_segment Palisade Wall x26 |
| 7:57 | poy.tkd · first_building Barracks |
| 9:41 | maddaloni.ivan93 · wall_segment Palisade Wall x32 |
| 10:57 | GALU · age_up feudal |
| 11:25 | Starr · age_up feudal |
| 11:30 | Avercan9052 · first_building Barracks |
| 11:50 | claudioarancibiaa · age_up feudal |
| 12:03 | Lesley · age_up feudal |
| 12:23 | Tractin · age_up feudal |
| 12:32 | GALU · first_market_sell 100 food |
| 13:06 | poy.tkd · age_up feudal |
| 15:01 | maddaloni.ivan93 · age_up feudal |
| 15:14 | GALU · age_up castle |
| 15:29 | Lesley · first_market_sell 100 wood |
| 15:46 | Starr · age_up castle |
| 16:41 | claudioarancibiaa · first_market_sell 100 wood |
| 16:51 | maddaloni.ivan93 · first_building Barracks |
| 16:56 | Starr · first_building Monastery |
| 16:57 | GALU · wall_segment Stone Wall x28 |
| 17:14 | poy.tkd · first_building Stable |
| 17:15 | claudioarancibiaa · first_market_buy 100 food |
| 17:35 | GALU · first_market_buy 100 stone |
| 17:56 | Tractin · age_up castle |
| 18:04 | Tractin · first_building Monastery |
| 18:17 | Lesley · age_up castle |
| 18:20 | Lesley · first_building Monastery |
| 19:06 | GALU · wall_segment Stone Wall x8 |
| 21:28 | claudioarancibiaa · age_up castle |
| 21:57 | GALU · first_building Barracks |
| 23:14 | Lesley · first_building Castle |
| 23:37 | poy.tkd · age_up castle |
| 23:46 | poy.tkd · first_building Castle |
| 24:01 | maddaloni.ivan93 · first_building Archery Range |
| 24:21 | claudioarancibiaa · first_building Monastery |
| 24:37 | Avercan9052 · first_market_sell 100 food |
| 25:33 | poy.tkd · first_building Monastery |
| 27:27 | Avercan9052 · first_building Archery Range |
| 27:31 | maddaloni.ivan93 · age_up castle |
| 27:43 | poy.tkd · first_building Siege Workshop |
| 27:50 | maddaloni.ivan93 · first_building Siege Workshop |
| 27:54 | Tractin · first_building Castle |
| 28:01 | Lesley · first_building Siege Workshop |
| 28:12 | Avercan9052 · first_market_buy 100 wood |
| 28:29 | GALU · first_building Monastery |
| 28:46 | maddaloni.ivan93 · first_building Monastery |
| 29:43 | maddaloni.ivan93 · first_building Stable |
| 30:16 | GALU · first_building Siege Workshop |
| 30:34 | Tractin · first_building Siege Workshop |
| 31:19 | Avercan9052 · first_building Castle |
| 31:58 | maddaloni.ivan93 · first_building Castle |
| 32:17 | Starr · first_building Barracks |
| 32:49 | Tractin · age_up imperial |
| 34:13 | Starr · first_building Stable |
| 34:17 | claudioarancibiaa · age_up imperial |
| 34:22 | GALU · age_up imperial |
| 37:17 | Lesley · age_up imperial |
| 37:19 | Starr · first_building Siege Workshop |
| 37:27 | Tractin · first_building Barracks |
| 37:37 | Starr · age_up imperial |
| 38:06 | GALU · first_building Castle |
| 38:27 | claudioarancibiaa · first_building Castle |
| 38:49 | Starr · first_building Castle |
| 39:04 | Tractin · first_building Stable |
| 39:17 | Lesley · first_building Barracks |
| 39:36 | poy.tkd · age_up imperial |
| 40:35 | Lesley · first_building Stable |
| 40:38 | GALU · wall_segment Stone Wall x11 |
| 40:40 | Lesley · first_building Archery Range |
| 40:42 | GALU · wall_segment Stone Wall x11 |
| 41:10 | claudioarancibiaa · first_building Barracks |
| 43:34 | GALU · wall_segment Stone Wall x15 |
| 46:30 | claudioarancibiaa · first_building Archery Range |
| 47:25 | GALU · wall_segment Stone Wall x36 |
| 47:28 | GALU · wall_segment Stone Wall x7 |
| 48:19 | maddaloni.ivan93 · age_up imperial |
| 49:38 | claudioarancibiaa · first_building Siege Workshop |
| 51:28 | Lesley · first_market_buy 100 stone |
| 53:19 | GALU · wall_segment Stone Wall x3 |
| 57:38 | GALU · first_building Stable |
| 61:05 | GALU · wall_segment Stone Wall x23 |
| 63:07 | Lesley · resign |
[ AI ANALYSIS · 1 CREDIT ]
What really happened in this match?
Wolo.gg analyzes every decision: build order, eco, micro, common mistakes by bracket. Personalized analysis on WhatsApp or Discord in 30 seconds.
Civ guide
Saracens
Perfil
Jugador #22673780